Map: Para Site LE

Players

MLN - Winner!

  • Race: Terran Terran
  • League: Platinum
  • Spawn Location: 5:00

Demented

  • Race: Zerg Zerg
  • League: Platinum
  • Spawn Location: 11:00

VOD

Have the link to the VOD?

Description

Time

  • Played on: Oct. 21, 2018, 8:11 p.m.
  • Length: 14:41
Show
View Real Time Build Order
Export as new Build Order

MLN Terran - Winner!

Build Orders: MMM Bio 

Get SALT Encoding   

  12  0:00  SCV  
  13  0:13  SCV  
  14  0:16  Supply Depot  
  14  0:25  SCV  
  15  0:38  SCV  
  15  0:39  Barracks  
  16  0:45  Refinery  
  16  0:55  SCV  
  17  1:01  Barracks  
  17  1:07  SCV  
  18  1:12  Refinery  
  18  1:19  SCV  
  19  1:29  Barracks Tech Lab  
  19  1:31  Orbital Command  
  19  1:41  Supply Depot  
  19  1:51  Stimpack  
  19  1:54  Marine  
  19  1:56  Marine  
  21  2:02  SCV  
  22  2:14  Barracks Reactor  
  22  2:19  Factory  
  22  2:21  SCV  
  23  2:28  Marine  
  24  2:37  SCV  
  24  2:53  Command Center  
  24  2:57  SCV  
  25  3:05  Factory Tech Lab  
  25  3:10  Starport  
  25  3:11  SCV  
  26  3:18  Marine x2  
  28  3:27  Siege Tank  
  31  3:41  Supply Depot  
  31  4:02  SCV, Marine  
  33  4:05  Supply Depot  
  33  4:06  Medivac x2  
  33  4:07  Marine  
  38  4:12  Supply Depot  
  38  4:14  SCV  
  40  4:25  Orbital Command  
  40  4:27  SCV  
  40  4:31  Supply Depot  
  40  4:34  Marine x2  
  42  4:44  Supply Depot  
  42  4:47  Combat Shields  
  42  4:48  Liberator  
  42  4:49  SCV  
  42  4:51  Liberator  
  42  4:52  Marine  
  44  4:59  SCV  
  45  5:02  SCV  
  49  5:11  SCV  
  53  5:16  SCV  
  54  5:23  SCV  
  54  5:27  Barracks Reactor  
  55  5:29  SCV, Siege Tank  
  55  5:30  Marine  
  55  5:31  Barracks  
  60  5:47  Marine  
  51  6:05  Marine  
  51  6:10  Marine  
  53  6:13  Liberator  
  53  6:16  Marine  
  54  6:23  Marine  
  55  6:28  Marine  
  55  6:31  SCV x2  
  61  6:34  Marine  
  62  6:41  Marine  
  62  6:43  SCV x2  
  62  6:46  Marine  
  63  6:52  Marine  
  64  6:55  SCV x2  
  64  6:59  Marine  
  66  7:04  Marine  
  66  7:07  SCV  
  66  7:08  SCV  
  69  7:10  Marine  
  69  7:12  Command Center  
  70  7:16  Marine  
  70  7:20  Supply Depot, SCV x2  
  70  7:21  Command Center  
  70  7:22  Marine  
  72  7:42  Marine  
  66  7:54  Marine  
  63  8:02  Marine  
  63  8:03  Orbital Command  
  49  8:42  Supply Depot  
  49  8:43  Supply Depot  
  49  8:44  Supply Depot  
  49  8:45  Supply Depot, Siege Tank, Medivac x2, Marine x2  
  49  8:46  Supply Depot  
  58  8:50  Supply Depot  
  58  8:52  Supply Depot x2  
  58  8:54  Barracks Tech Lab  
  58  8:56  Supply Depot  
  58  8:57  Barracks  
  58  9:04  Liberator x2  
  58  9:05  Marine  
  59  9:19  Marine x3  
  59  9:20  Siege Tank  
  59  9:23  Marine  
  72  9:28  Bunker  
  72  9:33  Bunker  
  72  9:35  Supply Depot  
  72  9:37  Marine x3  
  75  9:38  Concussive Shells  
  75  9:41  Marine  
  76  9:52  Siege Tank  
  76  9:54  Marine x2  
  76  9:55  Marine  
  76  9:59  Marine  
  79  10:12  Marine x2  
  79  10:13  Marine  
  82  10:16  Marine  
  82  10:17  Barracks Reactor  
  82  10:19  Command Center  
  83  10:25  Command Center  
  83  10:30  Marine x2  
  83  10:33  Supply Depot  
  85  10:36  Refinery  
  85  10:37  Refinery  
  82  10:48  Marine  
  82  10:49  Siege Tank  
  86  10:52  Engineering Bay, Marine x2  
  86  10:53  Marine x3  
  86  10:55  Armory  
  86  10:56  SCV x2  
  93  10:57  Engineering Bay  
  93  11:06  Marine  
  93  11:08  SCV x2  
  93  11:10  Marine x2  
  98  11:21  Marine x3  
  98  11:23  Siege Tank  
  98  11:24  Marine  
  105  11:28  Marine  
  106  11:37  Factory  
  106  11:51  Planetary Fortress  
  106  11:59  Terran Infantry Armor Level 1, Terran Infantry Weapons Level 1  
  106  12:00  Terran Vehicle Weapons Level 1  
  106  12:04  Marine x2  
  106  12:06  Marine x2  
  110  12:15  Marine x2  
  112  12:21  Marine  
  112  12:22  Marine  
  114  12:24  Marine x2  
  104  12:32  Marine x2  
  100  12:39  Marine x2  
  100  12:41  Marine  
  100  12:42  Marine  
  100  12:43  Viking x2  
  106  12:50  Marine x2  
  108  12:51  Thor  
  108  12:56  Starport x2  
  108  12:57  Marine x2  
  116  12:59  Marine  
  116  13:00  Marine  
  118  13:08  SCV x3, Marine x2  
  118  13:11  Refinery  
  123  13:12  Refinery  
  123  13:15  Sensor Tower, Marine x2  
  123  13:17  Viking x2, Marine  
  123  13:18  Marine  
  131  13:20  SCV x3  
  131  13:26  Marine x2  
  136  13:32  SCV x2  
  136  13:33  Marine x2  
  140  13:34  Thor  
  140  13:35  Barracks x2, Marine  
  147  13:47  Viking  
  149  13:57  Marine x2  
  149  13:58  Medivac x2  
  155  14:06  Marine  
  155  14:07  Marine x2  
  155  14:13  Marine  
  156  14:22  Marine  
Show
View Real Time Build Order
Export as new Build Order

Demented Zerg 

Build Orders: Hatch First 

Get SALT Encoding   

  12  0:01  Drone  
  13  0:13  Overlord  
  13  0:17  Drone  
  14  0:31  Drone x2  
  14  0:35  Drone  
  17  0:53  Hatchery  
  17  0:56  Drone  
  17  0:59  Drone  
  18  1:10  Extractor  
  17  1:15  Spawning Pool  
  17  1:17  Drone  
  17  1:22  Drone  
  18  1:30  Drone  
  19  1:40  Overlord  
  19  1:50  Drone  
  20  2:01  Queen  
  20  2:03  Zergling x2  
  20  2:05  Queen  
  20  2:06  Zergling x2  
  26  2:12  Drone  
  26  2:14  Metabolic Boost  
  27  2:16  Drone  
  28  2:23  Drone  
  28  2:28  Zergling x2  
  30  2:33  Drone  
  31  2:47  Hatchery  
  31  2:50  Overlord  
  30  2:51  Drone  
  30  2:54  Drone  
  30  2:57  Drone  
  33  3:06  Drone x2  
  33  3:10  Queen  
  37  3:17  Overlord  
  37  3:18  Drone  
  38  3:26  Drone  
  40  3:27  Drone x2  
  40  3:28  Drone  
  40  3:31  Overlord  
  42  3:40  Drone x3  
  45  3:44  Drone  
  45  3:45  Drone  
  47  3:48  Extractor  
  47  3:49  Extractor  
  47  3:51  Zergling x4, Drone x2  
  47  3:53  Zergling x2  
  51  3:55  Drone  
  51  4:06  Drone x3  
  51  4:08  Roach Warren  
  53  4:10  Drone  
  53  4:15  Drone x2  
  56  4:21  Overlord x2  
  56  4:27  Drone  
  56  4:28  Zergling x4, Baneling Nest  
  56  4:30  Overlord  
  58  4:39  Queen  
  58  4:41  Overlord, Drone x2  
  62  4:49  Roach x2  
  62  4:50  Roach  
  68  4:53  Drone x3  
  68  4:58  Lair  
  71  5:02  Drone x3  
  71  5:05  Overlord  
  74  5:11  Evolution Chamber  
  74  5:13  Baneling x5  
  73  5:15  Roach  
  73  5:16  Roach  
  77  5:22  Roach x2  
  77  5:23  Roach  
  77  5:24  Drone  
  84  5:28  Drone  
  84  5:35  Evolution Chamber  
  82  5:46  Zergling x2  
  74  5:50  Zergling x2  
  74  5:51  Zergling x4  
  74  5:53  Queen x2  
  74  5:55  Zergling x6  
  80  5:58  Zergling x4  
  81  6:08  Drone x3  
  82  6:14  Queen  
  65  6:49  Roach x4  
  65  6:50  Roach x4  
  77  7:02  Drone x2  
  77  7:03  Drone  
  77  7:07  Extractor  
  79  7:09  Baneling x3  
  79  7:10  Baneling x5  
  79  7:11  Extractor  
  79  7:12  Roach x3  
  78  7:27  Hydralisk Den  
  74  7:30  Spore Crawler, Queen  
  74  7:31  Queen x2  
  75  7:40  Roach x5  
  79  7:46  Roach x2  
  77  7:58  Hydralisk  
  77  7:59  Hydralisk x2  
  77  8:00  Hydralisk x2  
  87  8:09  Hydralisk  
  89  8:22  Drone x2  
  91  8:33  Drone x2  
  93  8:40  Ravager  
  94  8:41  Ravager  
  94  8:45  Drone  
  94  8:46  Drone x2  
  98  8:56  Extractor  
  97  9:05  Drone  
  97  9:06  Overlord x3  
  96  9:11  Ravager  
  96  9:15  Ravager  
  98  9:23  Overlord x2  
  98  9:25  Drone x2  
  98  9:28  Drone  
  101  9:40  Hydralisk x2  
  102  9:57  Hydralisk x3  
  102  10:01  Hydralisk  
  92  10:10  Drone x3  
  95  10:31  Spire  
  95  10:35  Infestation Pit  
  93  10:44  Drone x4  
  93  10:45  Overlord x2  
  93  10:47  Drone  
  93  10:48  Drone x3  
  101  10:51  Drone  
  101  10:52  Drone x2  
  104  11:05  Overseer  
  104  11:12  Hive  
  104  11:21  Drone x2  
  104  11:22  Drone x2  
  104  11:23  Drone x5  
  104  11:24  Drone x5  
  118  11:35  Overseer  
  118  11:36  Overseer  
  118  11:43  Corruptor  
  118  11:47  Corruptor  
  120  11:48  Hatchery  
  120  11:53  Corruptor  
  120  11:54  Corruptor  
  125  12:08  Corruptor x2  
  125  12:09  Corruptor  
  119  12:23  Corruptor x2  
  120  12:36  Greater Spire  
  118  12:37  Drone x2  
  118  12:38  Drone x8  
  128  12:53  Spore Crawler  
  128  12:54  Drone x2  
  129  13:03  Corruptor  
  129  13:04  Corruptor  
  133  13:12  Spore Crawler, Corruptor  
  134  13:15  Hatchery  
  133  13:25  Drone x3  
  133  13:26  Spore Crawler, Drone x4  
  139  13:29  Corruptor x2  
  139  13:31  Spore Crawler  
  142  13:39  Drone  
  143  14:01  Brood Lord  
  138  14:06  Overlord x6  
Tags
 
Composition
MMM Bio
Matchup
TvZ
Spawn Locations
Cross Positions
Add a new tag
Caveats
  • Supply blocks, unpowered buildings, or Contaminate may cause inaccurate times.
  • Supply counts are checked every 10 seconds.